 Dungeon Sprint DCSS version 0.31-a0-703-gcfe89afef6 (webtiles) character file.

Game seed: 12590698089868416951

5 rocky1 the Ducker (level 1, -7/18 HPs)
             Began as a Djinni Gladiator on Sept 9, 2023.
             Killed from afar by a white imp (15 damage)
             ... with a puff of frost
             ... in the Dungeon (Sprint IX: "|||||||||||||||||||||||||||||").
             The game lasted 00:00:06 (33 turns).

rocky1 the Ducker (Djinni Gladiator)                  Turns: 33, Time: 00:00:08

Health: -7/18      AC:  4    Str: 13    XL:     1   Next: 88%
Gold:   0          EV: 13    Int:  9    God:
                   SH:  0    Dex: 14

rFire   + + .        a - +0 long sword
rCold   x . .        (no shield)
rNeg    . . .        b - +0 leather armour
rPois   ∞            c - +0 helmet
rElec   .            (no cloak)
rCorr   .            (no gloves)
SInv    .            (boots unavailable)
Will    .....        (no amulet)
Stlth   +            (no ring)
HPRegen 0.23/turn    (no ring)
MPRegen 0.00/turn

%: no teleportation, infuse magic (-8 HP)
@: flying
A: sickness immunity, fire resistance 2, cold vulnerability 1, float, innate
caster, HP casting, extra vitality 1
a: no special abilities


You were in the Dungeon.
You visited 1 branch

Inventory:

Hand Weapons
 a - a +0 long sword (weapon)
Missiles
 d - 3 throwing nets (quivered)
 e - a javelin
Armour
 b - a +0 leather armour (worn)
 c - a +0 helmet (worn)
Scrolls
 j - a scroll of blinking
Potions
 f - a potion of curing
 g - a potion of heal wounds
 h - a potion of haste
 i - a potion of berserk rage


   Skills:
 + Level 2.2 Fighting
 + Level 3.4 Long Blades
 + Level 1.8 Throwing
 + Level 4.0 Dodging You didn't know any spells. Your spell library was empty.

Dungeon Overview and Level Annotations

Branches:
Dungeon (1/1)

Altars:


Innate Abilities, Weirdness & Mutations

You are immune to sickness and miasma.
You are immune to poison.
Your flesh is very heat resistant. (rF++)
You are vulnerable to cold. (rC-)
You float through the air rather than walking.
You learn spells naturally, not from books.
Your magical power is your life essence.
You have superior vitality. (+4 MHP)


Message History

You miss the bat.
The bat is moderately wounded.
The bat misses you.
You closely miss the bat.
The bat is moderately wounded.
The bat hits you. The bat barely misses you.
The bat hits you but does no damage.
Things that are here:
a +0 short sword; a ball python corpse; a rat corpse You hit the bat but do no damage.
The bat is moderately wounded.
The bat barely misses you. The bat hits you but does no damage.
The bat barely misses you.
You miss the bat. The bat hits you but does no damage. The bat hits you.
The bat hits you. The bat closely misses you.
You slash the bat!
You kill the bat!
Your Dodging skill increases to level 4!
You start resting.
HP restored.
You reach down and open the door. 2 iguanas, a black bear, a hound and a white imp come into view.
The black bear growls angrily.
The hound barks!
The white imp shouts, "Quit, thou pox-marked moldwarp skainsmate!"
The iguana hisses angrily.
The white imp gestures at you. The puff of frost hits you!
You feel a terrible chill!
Ouch! That really hurt!
The white imp sputters.
The white imp closely misses you.
There is an open door here.
The iguana hisses angrily.
You hit the white imp.
The white imp is lightly wounded.
The white imp barely misses you. The white imp gestures at you.
The puff of frost hits you!
You feel a terrible chill!
Ouch! That really hurt!
You die... ▓▓▓▓▓▓▓▓▓▓▓▓▓▓▓▓▓▓ +llhh5@....)'...<▓ ▓▓▓▓▓▓▓▓▓▓▓▓▓▓▓▓▓▓

You could see a black bear, 2 iguanas, a hound and a white imp.

Vanquished Creatures
  2 ball pythons (D)
  A bat (D)
  A kobold (D)
  A rat (D)
5 creatures vanquished.

Notes
Turn   | Place    | Note
-------+----------+-------------------------------------------
     0 | D        | rocky1 the Djinni Gladiator began the quest for the Orb.
     0 | D        | Reached XP level 1. HP: 18/18 MP: 0/0
    25 | D        | Reached skill level 4 in Dodging
    31 | D        | Noticed an iguana
    31 | D        | Noticed an iguana
    31 | D        | Noticed a black bear
    31 | D        | Noticed a hound
    33 | D        | Killed from afar by a white imp

Illustrated notes

Levels and vault maps discovered:
D:        linesprint [early_d, line_temple, items_1, d_10, items_2, lair_1,
          lair_end, items_3, orc_1, orc_end, items_4, d_15, swamp_1, shoals_1,
          snake_1, spider_1, d_20, vaults_1, items_5, swamp_end, shoals_end,
          snake_end, spider_end, vaults_end, d_27, items_6, zot_1, zot_end,
          crypt_end, forest_end, elf_end, slime_end, tomb_end, abyss_end,
          pan_hell_end]

Skill      XL: |  1 |
---------------+----+-----
Long Blades    | 3 |  3.4
Dodging        | 4 |  4.0
Fighting       | |  2.2
Throwing       | |  1.8

Action                     || total
---------------------------++-------
  Melee: Long sword        ||    18
 Armour: Leather armour    ||    11
  Dodge: Dodged            ||    21

Table legend: (Time is in decaauts)
 A = Elapsed time spent in this place.
 B = Non-inter-level travel time spent in this place.
 C = Inter-level travel time spent in this place.
 D = Time resting spent in this place.
 E = Time spent auto-exploring this place.
 F = Levels seen in this place.
 G = Mean time per level.
                   A        B        C        D        E       F      G
               +--------+--------+--------+--------+--------+-----+--------+
         Total |     36 |     36 |      0 |      4 |      0 |   1 |   36.0 |
       Dungeon |     36 |     36 |      0 |      4 |      0 |   1 |   36.0 |
               +--------+--------+--------+--------+--------+-----+--------+

Top non-repeatable levels by time:
       D: 36 daAuts
